 Dungeon Crawl Stone Soup version 0.21-a0-394-gdc75ea7 (webtiles) character file.

1672 graki42 the Basher (level 9, -1/56 HPs)
             Began as a Gargoyle Berserker on Oct 18, 2017.
             Was an Elder of Trog.
             Killed by divine providence
             ... invoked by an orc priest
              (9 damage)
             ... on level 7 of the Dungeon.
             The game lasted 00:12:38 (4357 turns).

graki42 the Basher (Gargoyle Berserker)             Turns: 4357, Time: 00:12:39

Health: -1/56      AC: 24    Str: 23    XL:     9   Next: 1%
Magic:  9/9        EV:  9    Int:  9    God:    Trog [****..]
Gold:   264        SH:  0    Dex:  9    Spells: 8/8 levels left

rFire    + . .     SeeInvis .   D - +5 morningstar
rCold    + . .     Gourm    +   (no shield)
rNeg     + . .     Faith    .   h - +3 chain mail
rPois    ∞         Spirit   .   A - +1 helmet
rElec    +         Reflect  .   B - scarf {rC+ rF+}
rCorr    .         Harm     .   G - +0 pair of gloves
MR       .....                  C - +0 pair of boots
Stlth    ..........             p - amulet of the gourmand
HPRegen  0.18/turn              (no ring)
MPRegen  0.11/turn              (no ring)

@: no status effects
A: negative energy resistance 1, electricity resistance, unbreathing,
petrification resistance, rot immunity, AC +6
a: Berserk, Trog's Hand, Brothers in Arms, Burn Spellbooks, Renounce Religion


You were on level 7 of the Dungeon.
You worshipped Trog.
Trog was greatly pleased with you.
You were completely stuffed.

You visited 1 branch of the dungeon, and saw 7 of its levels.

You collected 264 gold pieces.

Inventory:

Hand Weapons
 a - a +0 mace
 D - a +5 morningstar (weapon)
Armour
 h - a +3 chain mail (worn)
 A - a +1 helmet (worn)
 B - a scarf of resistance (worn)
 C - a +0 pair of boots (worn)
 G - a +0 pair of gloves (worn)
Jewellery
 p - an amulet of the gourmand (around neck)
 v - a +2 amulet of reflection
 z - an uncursed amulet of faith
Wands
 d - a wand of acid (6/15)
 y - a wand of polymorph (6/24)
Scrolls
 b - 4 scrolls of teleportation
 f - a scroll of identify
 m - 2 scrolls of amnesia
 q - a scroll of fear
 s - a scroll of enchant weapon
 u - 2 scrolls of immolation
Potions
 e - a potion of agility
 g - 2 potions of lignification
 i - a potion of might {unknown}
 j - a potion of resistance {unknown}
 k - 3 potions of brilliance
 r - a potion of cancellation
 t - a potion of degeneration
 w - 2 potions of curing
Comestibles
 c - 4 bread rations
 l - 8 fruits
 o - 3 meat rations
 x - 2 royal jellies


   Skills:
 + Level 6.7 Fighting
 + Level 8.8 Maces & Flails
 + Level 5.7 Armour
 + Level 2.2 Dodging


You had 8 spell levels left.
You didn't know any spells.

Dungeon Overview and Level Annotations

Branches:
Dungeon (7/15)             Temple (0/1) D:7

Altars:
Elyvilon
Okawaru
Qazlal
Uskayaw

Shops:
D:5 (

Annotations:
D:7 1 transporter


Innate Abilities, Weirdness & Mutations

You are resistant to torment.
Your stone body is resilient. (AC +6)
You are immune to poison.
You resist negative energy. (rN+)
You are resistant to electric shocks. (rElec)
You can survive without breathing.
You are immune to petrification.
You are immune to rotting.


Message History

The ufetubus hits something.
The ufetubus hits something but does no damage.
The crimson imp shouts, "Return whence thou came, thou loggerheaded dread-bolted slime mould!"
The crimson imp hits something.
The kobold demonologist looks encouraged for a moment.
The orc high priest says, "Right in the middle of my sermon, too."
Found a long sword.
Okay, then.
The ufetubus barely misses you.
The ufetubus hits you but does no damage. x2
The ufetubus closely misses you.
The ufetubus hits the plant but does no damage.
The ufetubus hits the plant.
The shadow imp gestures at you.
You are unaffected.
The ufetubus barely misses you. The ufetubus hits you.
* * * LOW HITPOINT WARNING * * *
Something hits the plant.
The orc priest invokes the aid of Beogh against you.
Beogh smites you!
You die...

#.##.#,* **,** *,,*,,****
*..#.#,**#####...#####*,,*,,,,,*
*#.#.#,,,#.)...©.....#*,,*,***,*
*#.#.#**,#.#########.#*,,*,,,*,*
*#...# *,#.#8P$©$P8#.#*,,,,*,*,*
###..# *,#(#≈.$.=.P#.#**,*<*,*,*
.....###.#.####+####.# *,***,*,*
....>.[..#.#.≈...≈.#.# *,,,,,*,*
....######.#4≈.5@≈o#.# *******,*
....# #.#o≈≈3≈≈.#.# *,**,* ....#
#.#K≈5♣≈≈.#.# *,,,,*
....######.#o≈P4445#.# *,****
.........#.#5≈55.≈K#.# *,*
....####.#.#5≈..5≈o#.# ***,*
....# #.#.####'####.# *,,,*
....# #.#.#P.....P#.# *,***
.#### #.#.#8P.©.P8#.# *,*


You could see an orc high priest, an orange demon, a hellwing, an ice devil, 2
kobold demonologists, a ynoxinul, a chaos spawn, 3 orc priests, 3 shadow imps
and 4 ufetubi.

Vanquished Creatures
  Sigmund (D:6)
  The ghost of graki42 the Poker, an amateur MiFi (D:4)
  A hungry ghost (D:4)
  A centaur (D:6)
  3 bullfrogs
  A scorpion (D:4)
  A howler monkey (D:3)
  4 crimson imps
  A bullfrog zombie (D:6)
  4 hounds
  A gnoll shaman (D:6)
  A bullfrog skeleton (D:4)
  A centaur skeleton (D:4)
  4 orc wizards
  An iguana (D:4)
  5 worker ants
  A hound zombie (D:6)
  A hound skeleton (D:4)
  Robin (D:4)
  5 gnolls (D:6)
  5 adders
  3 shadow imps
  2 adder zombies (D:6)
  A worm (D:2)
  A dart slug (D:3)
  2 leopard geckos
  16 orcs
  4 ball pythons
  5 giant cockroaches
  8 hobgoblins
  4 jackals (D:5)
  6 quokkas
  4 bats
  7 frilled lizards
  A giant cockroach zombie (D:5)
  11 goblins
  8 kobolds
  A leopard gecko skeleton (D:5)
  2 rats
130 creatures vanquished.

Notes
Turn   | Place    | Note
-------+----------+-------------------------------------------
     0 | D:1      | graki42 the Gargoyle Berserker began the quest for the Orb.
     0 | D:1      | Reached XP level 1. HP: 14/14 MP: 1/1
    96 | D:1      | Reached XP level 2. HP: 17/19 MP: 2/2
   497 | D:2      | Noticed a crimson imp
   557 | D:2      | Killed a crimson imp
   557 | D:2      | Reached ** piety under Trog
   557 | D:2      | Reached XP level 3. HP: 23/24 MP: 3/3
   605 | D:2      | Reached XP level 4. HP: 17/29 MP: 4/4
   852 | D:2      | Reached skill level 4 in Maces & Flails
  1059 | D:2      | Noticed a water elemental
  1061 | D:2      | Found a stormy altar of Qazlal.
  1062 | D:2      | Noticed an earth elemental
  1062 | D:2      | Noticed a fire elemental
  1062 | D:2      | Noticed an air elemental
  1493 | D:3      | Found an iron altar of Okawaru.
  1793 | D:3      | Reached XP level 5. HP: 33/33 MP: 5/5
  1796 | D:4      | Noticed Robin
  1805 | D:5      | Entered Level 5 of the Dungeon
  1927 | D:5      | Reached skill level 5 in Maces & Flails
  2078 | D:5      | Reached XP level 6. HP: 39/39 MP: 6/6
  2268 | D:5      | Reached *** piety under Trog
  2512 | D:5      | Found Ynoerchej's Weapon Shop.
  2764 | D:4      | Noticed graki42's ghost (amateur MiFi)
  2779 | D:4      | Killed graki42's ghost
  2779 | D:4      | Reached skill level 6 in Maces & Flails
  2779 | D:4      | Reached XP level 7. HP: 44/44 MP: 7/7
  2846 | D:4      | Reached skill level 5 in Fighting
  2987 | D:4      | Killed Robin
  3092 | D:4      | Noticed a hungry ghost
  3115 | D:4      | Killed a hungry ghost
  3115 | D:4      | Reached skill level 7 in Maces & Flails
  3115 | D:4      | Reached skill level 5 in Armour
  3115 | D:4      | Reached XP level 8. HP: 47/50 MP: 8/8
  3440 | D:6      | Found a white marble altar of Elyvilon.
  3525 | D:6      | Noticed Sigmund
  3546 | D:6      | Killed Sigmund
  3546 | D:6      | Reached **** piety under Trog
  3590 | D:6      | Reached skill level 8 in Maces & Flails
  4049 | D:6      | Found a hide-covered altar of Uskayaw.
  4154 | D:7      | Reached XP level 9. HP: 56/56 MP: 9/9
  4168 | D:7      | Found a staircase to the Ecumenical Temple.
  4309 | D:7      | Found a transporter.
  4345 | D:7      | Noticed a kobold demonologist
  4346 | D:7      | Noticed an orc high priest
  4347 | D:7      | Noticed a kobold demonologist
  4351 | D:7      | Noticed a hellwing
  4354 | D:7      | Noticed an orange demon
  4354 | D:7      | Found a transporter.
  4357 | D:7      | Noticed an ice devil
  4357 | D:7      | Killed from afar by an orc priest

Vault maps used:
D:1:      lightli_arrival_statuegarden
D:2:      nicolae_qazlal_style_of_elements
D:3:      nicolae_overflow_crystal_walls, hangedman_glass_teeth
D:4:      first_bread, kennysheep_generic_room_5, uniq_robin
D:5:      serial_shops, nicolae_shop_trees, serial_curves, eino_curves_01,
          eino_curves_03, grunt_decor_fettered
D:6:      old_standard_altar, lemuel_coloured_pillars_altar, st_stairs_14,
          minmay_door_square, uniq_sigmund
D:7:      gammafunk_wand_slinger, temple_doors_cd, okawaru_humans

Skill      XL: |  1  2  3  4  5  6  7  8 |
---------------+-------------------------+-----
Fighting       | 4 5 6 |  6.7
Maces & Flails | 4 5 6 7 8 |  8.8
Armour         | 3 4 5 |  5.7
Dodging        | 2 |  2.2

Action                   |  1- 3 |  4- 6 |  7- 9 || total
-------------------------+-------+-------+-------++-------
Melee: Mace              |   124 |   292 |   251 ||   667
       Morningstar       |       |       |    60 ||    60
Invok: Berserk           |       |     1 |     5 ||     6
  Use: Scroll            |       |       |    11 ||    11
       Potion            |       |       |     4 ||     4
  Eat: Chunk             |       |    16 |    26 ||    42
Armor: Plate armour      |   122 |   218 |   310 ||   650
       Chain mail        |       |       |    10 ||    10
Dodge: Dodged            |    53 |   106 |   152 ||   311

Table legend:
 A = Spawn XP
 B = Non-spawn XP
 C = Spawn XP percentage of total XP
 D = Spawn monster count
 E = Non-spawn monster count
 F = Spawn count percentage of total count
 G = Total turns spent on level
                    A         B        C        D         E        F      G
               +---------+---------+-------+---------+---------+-------+---------
         Total |       0 |    2389 |   0.0 |       0 |     130 |   0.0 |  4357
               +---------+---------+-------+---------+---------+-------+---------
           D:1 |       0 |      20 |   0.0 |       0 |      14 |   0.0 |   479
           D:2 |       0 |      92 |   0.0 |       0 |      19 |   0.0 |   790
           D:3 |       0 |     106 |   0.0 |       0 |      10 |   0.0 |   522
           D:4 |       0 |     784 |   0.0 |       0 |      33 |   0.0 |   669
           D:5 |       0 |     347 |   0.0 |       0 |      21 |   0.0 |   978
           D:6 |       0 |     994 |   0.0 |       0 |      30 |   0.0 |   696
           D:7 |       0 |      46 |   0.0 |       0 |       3 |   0.0 |   223
               +---------+---------+-------+---------+---------+-------+---------
